 Dungeon Crawl Stone Soup version 0.24.0-1-gfbc8707122 (webtiles) character file.

Game seed: 13668832463289008215, levelgen mode: deterministic

1316 Fingolfin the Fighter (level 8, 0/74 HPs)
             Began as a Hill Orc Monk on Oct 26, 2019.
             Was a Follower of Beogh.
             Slain by a hound (4 damage)
             ... on level 5 of the Dungeon.
             The game lasted 00:09:44 (4939 turns).

Fingolfin the Fighter (Hill Orc Monk)               Turns: 4939, Time: 00:09:44

Health: 0/74       AC:  9    Str: 16    XL:     8   Next: 59%
Magic:  11/11      EV:  7    Int: 10    God:    Beogh [*.....]
Gold:   206        SH:  0    Dex: 13    Spells: 7/7 levels left

rFire    . . .     SeeInvis .   u - +2 hand axe (chop)
rCold    + . .     Gourm    .   (no shield)
rNeg     . . .     Faith    .   v - +4 plate armour {rC+}
rPois    .         Spirit   .   q - +2 helmet
rElec    .         Reflect  .   (no cloak)
rCorr    .         Harm     .   (no gloves)
MR       .....                  l - +0 pair of boots
Stlth    ..........             (no amulet)
HPRegen  0.22/turn              (no ring)
MPRegen  0.12/turn              (no ring)

@: corroded
A: no striking features
a: Renounce Religion


You were on level 5 of the Dungeon.
You worshipped Beogh.
Beogh was aware of your devotion.
You were hungry.

You visited 1 branch of the dungeon, and saw 5 of its levels.

You collected 206 gold pieces.

Inventory:

Hand Weapons
 u - a +2 hand axe of chopping (weapon)
Missiles
 g - 188 stones (quivered)
 r - 25 poisoned darts
Armour
 l - a +0 pair of boots (worn)
 q - a +2 helmet (worn)
 v - a +4 plate armour of cold resistance (worn)
Scrolls
 e - 2 scrolls of fear {unknown}
 f - 2 scrolls of remove curse {unknown}
 h - 2 scrolls of teleportation {unknown}
 i - 2 scrolls of fog {unknown}
 j - 4 scrolls of identify {unknown}
 k - a scroll of blinking {unknown}
 m - a scroll of enchant armour {unknown}
 n - a scroll of magic mapping {unknown}
 p - 2 scrolls of enchant weapon {unknown}
Potions
 a - 2 potions of curing
 d - 2 potions of invisibility {unknown}
 o - a potion of ambrosia {unknown}
 s - a potion of flight {unknown}
Comestibles
 c - 8 rations


   Skills:
 - Level 8.0 Fighting
 - Level 4.0 Axes
 + Level 5.6 Armour
 + Level 5.0 Dodging
 - Level 1.5 Stealth
 + Level 4.0 Invocations


You had 7 spell levels left.
You didn't know any spells.
Your spell library contained the following spells:

 Spells                   Type           Power        Failure   Level  Hunger
 Beastly Appendage        Tmut           #.....       100%        1    ##.....
 Sticks to Snakes         Tmut           #.......     100%        2    ###....
 Spider Form              Tmut/Pois      #.........   100%        3    ####...
 Ice Form                 Ice/Tmut       #.......     100%        4    #####..
 Blade Hands              Tmut           #.........   100%        5    ######.


Dungeon Overview and Level Annotations

Branches:
Dungeon (5/15)
 Temple: D:4-7

Altars:
Qazlal
Ru
Vehumet

Annotations:
D:5 Pikel


Message History

The hound is almost dead.
The hound bites you.
* * * LOW HITPOINT WARNING * * *
You barely miss the hound.
The hound is almost dead.
The hound bites you.
* * * LOW HITPOINT WARNING * * *
The hound bites you.
* * * LOW HITPOINT WARNING * * *
Okay, then.
You barely miss the hound.
The hound is almost dead.
The hound bites you but does no damage. The hound barely misses you.
You completely miss the hound.
The hound is almost dead.
The hound bites you but does no damage.
You closely miss the hound.
The hound is almost dead.
The hound bites you.
You die...

##########'##..###..)###.........
............#...÷).♣...).........
............#.###.....##.........
............#.####...###..)......
..........J.#....##.## #.........
..........Kp'K.####.# #.........
............##.# #.# #..)......
#####....#####p####.# #.........
#....# #.Kh@...# #.........
#....# #..####### #.........
#####....# #..##....####'###.###
....'....# #..##.##.##....†..#
#####....# #.....#...#)#.###.#
#....# ##.####.###.#.# #.# #....#
#.......)..#.# #.#
#....##########.#####.# #.###
#...........#.#.# #.# #.##.


You could see Pikel, a slave and a hound.

Vanquished Creatures
  Grinder (D:5)
  Prince Ribbit (D:5)
  Sigmund (D:2)
  Eustachio (D:5)
  The ghost of Aviak the Caller, an amateur DrSu (D:4)
  A sky beast (D:5)
  A phantom (D:4)
  A crimson imp (D:5)
  A hound (D:5)
  An orc wizard (D:5)
  2 jellies (D:5)
  An iguana (D:5)
  2 worker ants
  Robin (D:2)
  3 adders
  A worm (D:5)
  2 dart slugs
  A leopard gecko (D:2)
  10 orcs
  4 bats (D:3)
  2 giant cockroaches (D:1)
  13 goblins
  6 hobgoblins
  9 jackals
  A quokka (D:4)
  A ball python (D:5)
  3 frilled lizards
  10 kobolds
  3 rats (D:3)
85 creatures vanquished.

Vanquished Creatures (others)
  An orc wizard (D:5)
  An orc priest (D:5)
  An adder (D:5)
  2 orcs (D:5)
5 creatures vanquished.

Grand Total: 90 creatures vanquished

Notes
Turn   | Place    | Note
-------+----------+-------------------------------------------
     0 | D:1      | Fingolfin the Hill Orc Monk began the quest for the Orb.
     0 | D:1      | Reached XP level 1. HP: 19/19 MP: 1/1
   415 | D:1      | Reached skill level 4 in Fighting
   421 | D:1      | Reached XP level 2. HP: 24/27 MP: 2/2
   784 | D:1      | Reached XP level 3. HP: 31/35 MP: 3/3
  1117 | D:2      | Reached skill level 5 in Fighting
  1473 | D:2      | Found a stormy altar of Qazlal.
  1682 | D:2      | Found a sacrificial altar of Ru.
  1716 | D:2      | Noticed Sigmund
  1726 | D:2      | Killed Sigmund
  1726 | D:2      | Reached skill level 7 in Fighting
  1726 | D:2      | Reached XP level 4. HP: 34/47 MP: 4/4
  1726 | D:2      | Reached XP level 5. HP: 38/52 MP: 5/5
  2122 | D:3      | Noticed Robin
  2315 | D:2      | Killed Robin
  2631 | D:3      | Found a radiant altar of Vehumet.
  2937 | D:3      | Reached XP level 6. HP: 60/60 MP: 6/6
  3271 | D:4      | Reached skill level 1 in Armour
  3284 | D:4      | Noticed a phantom
  3319 | D:4      | Killed a phantom
  3319 | D:4      | Reached skill level 8 in Fighting
  3660 | D:4      | Found a runed translucent door.
  3662 | D:4      | Noticed Aviak's ghost (amateur DrSu)
  3684 | D:4      | Killed Aviak's ghost
  3684 | D:4      | Reached XP level 7. HP: 63/68 MP: 7/7
  3837 | D:5      | Entered Level 5 of the Dungeon
  3873 | D:5      | Noticed Eustachio
  3889 | D:5      | Killed Eustachio
  4351 | D:5      | Became a worshipper of Beogh the Brigand
  4351 | D:5      | Reached * piety under Beogh
  4351 | D:5      | Reached ** piety under Beogh
  4374 | D:5      | Reached skill level 1 in Invocations
  4456 | D:5      | Reached XP level 8. HP: 71/74 MP: 7/9
  4533 | D:5      | Noticed Grinder
  4534 | D:5      | Noticed Prince Ribbit
  4539 | D:5      | Paralysed by Grinder for 3 turns
  4557 | D:5      | Killed Grinder
  4557 | D:5      | Reached skill level 5 in Armour
  4562 | D:5      | Killed Prince Ribbit
  4562 | D:5      | Reached skill level 5 in Dodging
  4896 | D:5      | Noticed Pikel
  4936 | D:5      | HP: 3/74 [hound (2)]
  4939 | D:5      | Slain by a hound

Levels and vault maps discovered:
D:1:      minmay_arrival_wavy_path, layout_basic, wad_floor_pattern_untrapped
D:2:      layout_basic, nicolae_qazlal_general_emergency, first_ration,
          nicolae_ru_awakened_eye, uniq_sigmund
D:3:      layout_loops_ring, lemuel_crystal_altar, uniq_robin
D:4:      layout_basic, ebering_ghost_inner_flame, serial_glass,
          glass_columns_c, glass_columns_c, glass_columns_a, glass_columns_b,
          glass_columns_a, glass_columns_a
D:5:      layout_basic, grunt_ministairs_15, uniq_grinder, uniq_prince_ribbit1,
          uniq_eustachio, uniq_pikel

Skill      XL: |  1  2  3  4  5  6  7  8 |
---------------+-------------------------+-----
Fighting       | 4 7 8 |  8.0
Armour         | 2 4 5 |  5.6
Dodging        | 3 4 5 |  5.0
Invocations    | 1 4 |  4.0
Axes           | |  4.0
Stealth        | |  1.5

Action                   |  1- 3 |  4- 6 |  7- 9 || total
-------------------------+-------+-------+-------++-------
Melee: Dagger            |    65 |   105 |       ||   170
       Hand axe          |     4 |    32 |   125 ||   161
       Short sword       |     2 |       |       ||     2
Invok: Convert to Beogh  |       |       |     1 ||     1
       Smiting           |       |       |     3 ||     3
  Use: Potion            |       |       |     1 ||     1
 Stab: Sleeping          |     2 |     3 |       ||     5
  Eat: Chunk             |     1 |     8 |     3 ||    12
Armor: Robe              |     6 |    28 |       ||    34
       Chain mail        |       |    39 |       ||    39
       Plate armour      |       |       |   111 ||   111
Dodge: Dodged            |    35 |    80 |    46 ||   161
